AoeStats
← joaqo9909

Arena

510233801Analyzed
4v4 RM · 21h ago on Sep 30, 2026· 52m 59s· 8 players
Game mode
Random Map
Map size
Large (8 player)
Population
200
Speed
Normal
Resources
Standard
Victory
Conquest
Starting age
Dark Age
Ending age
Imperial Age
RankedLock teamsTeams togetherTeam positionsShared explorationLock speedFull tech treeHidden civsTurbo modeCheats
Victory
Defeat
🇫🇷 Huns · France
1099
+10
🇺🇸 Shu · United States
1014
+13
🇬🇧 Japanese · United Kingdom
994
+14
🇫🇷 Khmer · France
912
+16
🇲🇽 Malians · Mexico
996
-16
🇦🇷 Poles · Argentina
949
-13
🇺🇸 Chinese · United States
922
-12
🇲🇽 Vikings · Mexico
914
-12
Alex931231
12:31 Feudal Age
16:57 Castle Age
16:27 Double-Bit Axe
18:42 Horse Collar
32:35 Imperial Age
31:37 Pikeman
33:57 Forging
33:48 Scale Mail Armor
34:46 Conscription
36:11 Elite Skirmisher
37:17 Ballistics
38:18 Chieftains
39:44 Padded Archer Armor
39:35 Fletching
TheBulAb69
0:30 Loom
12:46 Feudal Age
13:50 Horse Collar
14:12 Double-Bit Axe
23:09 Castle Age
21:26 Gold Mining
21:35 Stone Mining
23:29 Fletching
23:39 Padded Archer Armor
23:57 Heavy Plow
24:09 Bow Saw
25:17 Gold Shaft Mining
25:17 Stone Shaft Mining
25:41 Wheelbarrow
29:04 Hand Cart
31:48 Imperial Age
29:41 Leather Archer Armor
29:51 Ballistics
30:36 Thumb Ring
31:05 Masonry
31:55 Bodkin Arrow
33:37 Chemistry
32:39 Bracer
33:09 Ring Archer Armor
32:56 Town Watch
33:28 Murder Holes
35:12 Ring Archer Armor
35:26 Conscription
36:08 Elite Chu Ko Nu
41:09 Architecture
44:48 Forging
44:44 Scale Barding Armor
44:47 Light Cavalry
45:37 Bloodlines
45:28 Husbandry
46:07 Iron Casting
46:56 Chain Barding Armor
48:45 Blast Furnace
49:05 Plate Barding Armor
richi_maron_90
2:57 Loom
11:31 Feudal Age
16:04 Castle Age
16:56 Double-Bit Axe
31:13 Imperial Age
30:04 Wheelbarrow
30:21 Pikeman
31:01 Squires
30:47 Arson
41:52 Horse Collar
42:29 Hand Cart
42:18 Scale Mail Armor
42:30 Bow Saw
42:12 Gold Mining
42:15 Stone Mining
42:39 Heavy Plow
46:04 Gold Shaft Mining
joaqo9909
11:09 Feudal Age
16:21 Castle Age
15:04 Horse Collar
15:12 Double-Bit Axe
16:52 Loom
23:35 Bow Saw
25:07 Forging
25:04 Scale Barding Armor
25:04 Scale Mail Armor
26:21 Wheelbarrow
27:55 Hand Cart
28:20 Iron Casting
28:01 Chain Mail Armor
29:03 Fletching
29:17 Heavy Plow
32:32 Imperial Age
30:31 Bodkin Arrow
30:46 Elite Skirmisher
31:53 Padded Archer Armor
32:20 Murder Holes
32:46 Ballistics
33:12 Leather Archer Armor
32:45 Elite Obuch
35:17 Blast Furnace
34:47 Plate Mail Armor
34:35 Thumb Ring
36:14 Chemistry
40:21 Plate Mail Armor
42:43 Light Cavalry
43:34 Bloodlines
44:36 Husbandry
45:08 Lechitic Legacy
45:38 Winged Hussar
46:27 Scale Barding Armor
51:03 Chain Barding Armor
osubuckeyes022
3:15 Loom
10:56 Feudal Age
11:48 Double-Bit Axe
14:29 Fletching
14:39 Padded Archer Armor
17:00 Castle Age
17:46 Crossbowman
19:15 Bow Saw
21:34 Wheelbarrow
22:13 Horse Collar
22:28 Gold Mining
22:57 Stone Mining
25:08 Bodkin Arrow
25:38 Heavy Plow
26:02 Ballistics
26:32 Thumb Ring
28:38 Hand Cart
32:51 Imperial Age
31:05 Gold Shaft Mining
31:54 Leather Archer Armor
33:00 Arbalester
33:57 Bolt Magazine
34:15 Bracer
35:49 Two-Man Saw
36:02 Ring Archer Armor
37:55 Chemistry
36:44 Pikeman
38:05 Elite Skirmisher
52:11 Halberdier
Suko
11:51 Feudal Age
13:54 Double-Bit Axe
15:54 Horse Collar
20:03 Castle Age
18:08 Stone Mining
32:06 Bow Saw
33:38 Heavy Plow
35:49 Stone Shaft Mining
35:12 Gold Mining
42:03 Imperial Age
42:01 Gold Shaft Mining
42:15 Wheelbarrow
41:26 Loom
41:27 Town Watch
42:30 Scale Barding Armor
42:36 Forging
43:55 Bloodlines
45:38 Iron Casting
45:24 Chain Barding Armor
44:46 Elite Battle Elephant
45:28 Husbandry
46:06 Crop Rotation
46:35 Hand Cart
46:23 Town Patrol
47:32 Blast Furnace
47:40 Conscription
47:31 Tusk Swords
52:49 Plate Barding Armor
jawsy_
8:27 Loom
10:41 Feudal Age
15:06 Castle Age
14:03 Double-Bit Axe
14:01 Horse Collar
16:41 Bow Saw
16:33 Heavy Plow
24:11 Wheelbarrow
24:31 Gold Mining
24:34 Stone Mining
28:40 Imperial Age
26:43 Scale Barding Armor
26:49 Forging
27:36 Gold Shaft Mining
27:56 Bloodlines
28:54 Chain Barding Armor
28:52 Hand Cart
29:10 Husbandry
28:34 Light Cavalry
29:08 Fletching
29:18 Padded Archer Armor
29:42 Thumb Ring
30:13 Cavalier
32:45 Ballistics
33:25 Chemistry
32:24 Bodkin Arrow
32:45 Leather Archer Armor
32:10 Heavy Cavalry Archer
33:15 Parthian Tactics
33:49 Hussar
35:22 Bracer
35:58 Iron Casting
35:59 Plate Barding Armor
40:48 Blast Furnace
45:51 Conscription
45:58 Atheism
Her
9:29 Feudal Age
9:59 Double-Bit Axe
10:51 Loom
14:25 Castle Age
13:00 Horse Collar
14:21 Stone Mining
18:10 Fletching
23:17 Heavy Plow
23:44 Gold Mining
24:17 Bow Saw
25:10 Town Watch
27:39 Wheelbarrow
29:08 Bodkin Arrow
29:30 Yasama
30:06 Murder Holes
30:44 Hand Cart
30:55 Fortified Wall
31:39 Masonry
31:44 Guard Tower
34:54 Imperial Age
33:13 Treadmill Crane
34:09 Ballistics
34:32 Scale Mail Armor
34:45 Forging
34:21 Elite Skirmisher
35:28 Chain Mail Armor
37:28 Two-Man Saw
39:25 Plate Mail Armor
39:06 Forging
40:22 Keep
40:15 Kataparuto
41:13 Bracer
42:34 Siege Engineers
43:03 Thumb Ring
42:59 Heavy Cavalry Archer
45:11 Parthian Tactics
45:43 Padded Archer Armor
46:54 Conscription
47:11 Hoardings
49:27 Husbandry
49:37 Bloodlines
50:11 Coinage
50:35 Leather Archer Armor
52:25 Pikeman
52:51 Gambesons
53:07 Squires
53:45 Iron Casting
Connection lost

Rejoining the realm…

Still unreachable

The connection could not be restored.

Session expired

The server has moved on; the page needs a fresh start.